 Dungeon Crawl Stone Soup version 0.31-a0-165-g3f4f80340b (webtiles) character file.

Game seed: 4314338414436669143

114 qw the Shooter (level 4, -1/28 HPs)
             Began as a Gargoyle Hunter on June 13, 2023.
             Slain by an adder (2 damage)
             ... on level 3 of the Dungeon.
             The game lasted 00:00:35 (1089 turns).

qw the Shooter (Gargoyle Hunter)                    Turns: 1089, Time: 00:00:35

Health: -1/28      AC: 10    Str: 21    XL:     4   Next: 97%
Magic:  4/4        EV: 11    Int:  9    God:
Gold:   82         SH:  0    Dex: 15    Spells: 3/3 levels left

rFire   . . .        Y - +0 shortbow
rCold   . . .        (shield currently unavailable)
rNeg    + . .        d - +0 ring mail
rPois   inf          i - +0 helmet
rElec   +            a - +0 cloak
rCorr   .            (no gloves)
SInv    .            (no boots)
Will    .....        (no amulet)
Stlth   +            f - +6 ring of strength
HPRegen 0.24/turn    (no ring)
MPRegen 0.09/turn

%: no passive effects
@: no status effects
A: sickness immunity, AC +3, negative energy resistance 1, electricity
resistance, torment resistance 1, petrification resistance
a: no special abilities


You were on level 3 of the Dungeon.
You visited 1 branch of the dungeon, and saw 3 of its levels.

You collected 82 gold pieces.


Innate Abilities, Weirdness & Mutations

You are immune to sickness and miasma.
Your stone body is resilient. (AC +3)
You are immune to poison.
You resist negative energy. (rN+)
You are resistant to electric shocks. (rElec)
You are resistant to unholy torment.
You are immune to petrification.


   Skills:
 - Level 3.0 Fighting
 + Level 5.6 Ranged Weapons
 - Level 1.0 Armour
 - Level 1.5 Dodging
 - Level 1.1 Stealth


You had 3 spell levels left.
You didn't know any spells.
Your spell library was empty.

Inventory:

Hand Weapons
 Y - a +0 shortbow (weapon)
Armour
 a - a +0 cloak (worn)
 d - a +0 ring mail (worn)
 i - a +0 helmet (worn)
Jewellery
 f - a +6 ring of strength (left hand)
 k - an amulet of faith
Scrolls
 c - a scroll of identify
Potions
 b - a potion of invisibility {unknown}
 e - a potion of haste {unknown}
 g - a potion of heal wounds {unknown}
 h - a potion of might {unknown}
 j - a potion of brilliance {unknown}

Dungeon Overview and Level Annotations

Branches:
Dungeon (3/15)

Altars:


Message History

A hobgoblin comes into view.
The orc priest hits you but does no damage.
The adder misses you.
You shoot an arrow. The arrow hits the orc priest!
The orc priest is severely wounded.
The adder bites you.
The orc priest hits you with a +0 dagger.
The adder bites you but does no damage. The orc priest barely misses you.
You shoot an arrow. The arrow hits the orc priest.
The orc priest is almost dead.
The adder closely misses you. Something hits you but does no damage.
The orc priest hits you with a +0 dagger.
You shoot an arrow. The arrow hits the orc priest!
You kill the orc priest!
The adder barely misses you. Something hits you.
The adder bites you but does no damage.
You shoot an arrow.
The arrow hits the orc but does no damage.
The adder bites you but does no damage. Something hits you.
The orc barely misses you.
You shoot an arrow. The arrow barely misses the orc.
The adder bites you but does no damage.
You hear some strange, mumbled words.
A magic dart appears from out of thin air!
The magic dart hits you! The orc misses you. The adder closely misses you.
You shoot an arrow. The arrow barely misses the orc.
Something hits you but does no damage. The orc misses you.
The adder bites you but does no damage.
You shoot an arrow. The arrow hits the orc.
The orc is heavily wounded.
The adder barely misses you.
You hear some strange, mumbled words.
A puff of flame appears from out of thin air!
The puff of flame hits you! The orc hits you with a +0 short sword.
The adder barely misses you. The orc barely misses you.
Something hits you but does no damage.
You shoot an arrow. The arrow hits the orc.
You kill the orc!
The adder bites you.
You die...

#.......############....#
#.................##....#
#.#######...#####.......##
#...........# #.....)... #
..........# #........#
..........# #........#
..........# #........#
#.#####.### #...###### #
#@# #.###
#...{S)######.########
#....g................
#...!).######.........
+...)..#..............
#......#.####.........
#......#.#####........
.......#..............
........<......


You could see an adder and a hobgoblin.

Vanquished Creatures
  An orc priest (D:3)
  3 adders
  2 dart slugs (D:1)
  4 orcs (D:3)
  2 ball pythons
  5 bats
  9 endoplasms
  A goblin (D:1)
  6 hobgoblins
  4 kobolds
  4 quokkas
  2 frilled lizards
  4 rats
47 creatures vanquished.

Notes
Turn   | Place    | Note
-------+----------+-------------------------------------------
     0 | D:1      | qw the Gargoyle Hunter began the quest for the Orb.
     0 | D:1      | Reached XP level 1. HP: 12/12 MP: 1/1
     0 | D:1      | 0 ||| qw: Version: 0.2-a-29-gc1b59c4
     0 | D:1      | 0 ||| qw: Game counter: 4710
     0 | D:1      | 0 ||| qw: Always use a shield: true
     0 | D:1      | 0 ||| qw: God list: Okawaru
     0 | D:1      | 0 ||| qw: Allow faded altars: false
     0 | D:1      | 0 ||| qw: Do Orc after D:15 true
     0 | D:1      | 0 ||| qw: Do second Lair branch before Depths: true
     0 | D:1      | 0 ||| qw: Lair rune preference: random
     0 | D:1      | 0 ||| qw: Plans: Normal, Zot:1-4, Slime:5, God:TSO, Crypt,
                  | Tomb, Abyss, Pan, Hells, Win
     0 | D:1      | 0 ||| PLANNING D:1-11
   128 | D:1      | Reached XP level 2. HP: 17/17 MP: 2/2
   397 | D:1      | Reached XP level 3. HP: 21/21 MP: 3/3
   506 | D:1      | 506 ||| UPGRADING to +0 ring mail.
   516 | D:1      | 516 ||| DROPPING +0 leather armour.
   517 | D:1      | 517 ||| UPGRADING to +6 ring of strength.
   518 | D:1      | 518 ||| READING scroll labelled PUUSSU XANOS.
   519 | D:1      | 519 ||| DROPPING scroll of butterflies.
   547 | D:2      | 547 ||| STAIRDANCE
   551 | D:1      | Reached skill level 1 in Armour
   554 | D:1      | Reached skill level 5 in Ranged Weapons
   568 | D:2      | 568 ||| STAIRDANCE
   738 | D:2      | Reached XP level 4. HP: 27/27 MP: 4/4
   776 | D:2      | Reached skill level 3 in Fighting
   781 | D:2      | Identified the +3 scale mail of Fyuno {Rampage rElec rN+}
   993 | D:2      | 993 ||| UPGRADING to +0 cloak.
   998 | D:2      | 998 ||| UPGRADING to +0 helmet.
  1003 | D:2      | 1003 ||| READING scroll labelled KUN OTUNYDD.
  1004 | D:2      | 1004 ||| READING scroll labelled ZEITIKHL HIROGA.
  1088 | D:3      | HP: 3/28 [something/puff of flame (8)]
  1088 | D:3      | HP: 1/28 [orc/+0 short sword (2)]
  1089 | D:3      | Slain by an adder

Levels and vault maps discovered:
D:1:      doesnt_arrival_eight_statues, layout_rooms
D:2:      layout_rooms, minmay_strange_pillars, minmay_unequal
D:3:      layout_basic, nicolae_vehumet_altar_sigil,
          shapermc_ecumenical_altar_mp_vishouse, kennysheep_flooded_box,
          cheibrodos_gnoll_hut

Skill      XL: |  1  2  3  4 |
---------------+-------------+-----
Armour         | 1 |  1.0
Ranged Weapons | 5 |  5.6
Fighting       | 3 |  3.0
Dodging        | |  1.5
Stealth        | |  1.1

Action                     |  1- 3 |  4- 6 || total
---------------------------+-------+-------++-------
   Fire: Shortbow          |    98 |    37 ||   135
    Use: Scroll            |     1 |     2 ||     3
 Armour: Leather armour    |     2 |       ||     2
         Ring mail         |    35 |    11 ||    46
  Dodge: Dodged            |    50 |    17 ||    67

Table legend:
 A = Non-vault XP
 B = Vault XP
 C = Vault XP percentage of total XP
 D = Non-vault monster count
 E = Vault monster count
 F = Vault count percentage of total count
                 A         B        C        D         E       F
            +---------+---------+-------+---------+---------+-------
      Total |     162 |       4 |   2.4 |      45 |       2 |   4.3
            +---------+---------+-------+---------+---------+-------
        D:1 |      56 |       0 |   0.0 |      23 |       0 |   0.0
        D:2 |      47 |       4 |   7.8 |      14 |       2 |  12.5
        D:3 |      59 |       0 |   0.0 |       8 |       0 |   0.0
            +---------+---------+-------+---------+---------+-------
